 Dungeon Crawl Stone Soup version 0.19.4-9-g45fd643 (webtiles) character file.

10693 protoss039 the Basher (level 11, -1/69 HPs)
             Began as a Gargoyle Gladiator on Feb 21, 2017.
             Was a High Priest of Okawaru.
             Slain by a one-headed hydra (7 damage)
             ... on level 11 of the Dungeon.
             The game lasted 00:40:56 (12453 turns).

protoss039 the Basher (Gargoyle Gladiator)         Turns: 12453, Time: 00:40:57

Health: -1/69      AC: 25    Str: 23    XL:     11   Next: 66%
Magic:  18/18      EV:  9    Int:  8    God:    Okawaru [*****.]
Gold:   491        SH:  0    Dex: 10    Spells: 2 memorised, 4 levels left

rFire  . . .     SeeInvis .     i - +0 falchion (flame)
rCold  + . .     Gourm    .     u - +3 chain mail {rC+}
rNeg   + + .     Faith    .     (no shield)
rPois  ∞         Spirit   .     (helmet restricted)
rElec  +         Reflect  .     (no cloak)
rCorr  .         Harm     .     p - +0 pair of gloves
MR     .....                    (no boots)
Stlth  ..........               (no amulet)
                                (no ring)
                                v - ring of positive energy

@: no status effects
A: horns 1, molten scales 1, high mp 1, negative energy resistance 1,
electricity resistance, unbreathing, evolution 1, petrification resistance, rot
immunity, AC +7
a: Heroism, Finesse, Renounce Religion


You were on level 11 of the Dungeon.
You worshipped Okawaru.
Okawaru was extremely pleased with you.
You were hungry.

You visited 2 branches of the dungeon, and saw 12 of its levels.

You collected 645 gold pieces.
You spent 154 gold pieces at shops.

Inventory:

Hand Weapons
 i - a +0 falchion of flaming (weapon)
 D - a +0 flail of holy wrath
 O - a +1 dire flail of draining
Missiles
 d - 3 throwing nets (quivered)
 j - 448 stones
Armour
 c - a +0 helmet
 p - a +0 pair of gloves (worn)
 u - a +3 chain mail of cold resistance (worn)
 B - the +0 ring mail of Watchfulness {MR++ Dex+3 Stlth+}
   (You found it on level 4 of the Dungeon)

   It affects your dexterity (+3).
   It affects your resistance to hostile enchantments.
   It makes you more stealthy.
 N - a +0 troll leather armour
 R - a +0 plate armour
Jewellery
 b - an uncursed ring of flight
 v - a ring of positive energy (left hand)
Scrolls
 a - a scroll of identify
 h - 3 scrolls of teleportation
 q - 3 scrolls of magic mapping
 r - 4 scrolls of fear
 w - 3 scrolls of amnesia
 y - 3 scrolls of enchant armour
 C - 3 scrolls of remove curse
 H - 5 scrolls of recharging
 M - a scroll of fog
 P - a scroll of vulnerability {unknown}
Potions
 e - 3 potions of magic
 k - a potion of berserk rage
 l - 2 potions of might {unknown}
 m - a potion of resistance
 o - a potion of cancellation {unknown}
 t - 3 potions of flight
 z - a potion of invisibility {unknown}
 F - a potion of mutation {unknown}
 G - a potion of ambrosia {unknown}
 J - a potion of brilliance {unknown}
 K - 2 potions of haste {unknown}
 Q - a potion of lignification
Books
 x - a book of Changes

   Spells                             Type                      Level
   a - Beastly Appendage              Transmutation                1
   b - Sticks to Snakes               Transmutation                2
   c - Spider Form                    Transmutation/Poison         3
   d - Ice Form                       Ice/Transmutation            4
   e - Blade Hands                    Transmutation                5
 A - a book of Misfortune

   Spells                             Type                      Level
   a - Confusing Touch                Hexes                        1
   b - Confuse                        Hexes                        3
   c - Gell's Gravitas                Hexes/Translocation          3
   d - Petrify                        Transmutation/Earth          4
   e - Metabolic Englaciation         Hexes/Ice                    5
   f - Yara's Violent Unravelling     Hexes/Transmutation          5
 L - a book of Geomancy

   Spells                             Type                      Level
   a - Sandblast                      Earth                        1
   b - Passwall                       Transmutation/Earth          2
   c - Stone Arrow                    Conjuration/Earth            3
   d - Petrify                        Transmutation/Earth          4
   e - Lee's Rapid Deconstruction     Earth                        5
Comestibles
 f - 5 bread rations
 g - 4 beef jerkies
 n - 9 slices of pizza
 s - 12 fruits
 E - 23 chunks of flesh
 I - 5 meat rations


   Skills:
 + Level 8.7 Fighting
 * Level 12.3 Maces & Flails
 - Level 1.7 Throwing
 + Level 8.9 Armour
 - Level 2.4 Dodging
 * Level 0.2 Earth Magic
 - Level 8.0 Invocations


You had 4 spell levels left.
You knew the following spells:

 Your Spells              Type           Power        Failure   Level  Hunger
a - Sandblast             Erth           #.....       99%         1    ##.....
b - Lee's Rapid Deconstr  Erth           #.........   100%        5    ######.


Dungeon Overview and Level Annotations

Branches:
Dungeon (11/15)            Temple (1/1) D:4             Orc (0/2) D:11
   Lair: D:8-11

Altars:
Ashenzari
Cheibriados
Dithmenos
Elyvilon
Fedhas
Gozag
Hepliaklqana
Kikubaaqudgha
Makhleb
Nemelex Xobeh
Okawaru
Qazlal
Ru
Sif Muna
Trog
Uskayaw
Vehumet
Xom
Yredelemnul
Zin
The Shining One

Shops:
D:5 ?   D:7 [   D:9 [


Innate Abilities, Weirdness & Mutations

You are resistant to torment.
Your stone body is resilient. (AC +7)
You are immune to poison.
You resist negative energy. (rN+)
You are resistant to electric shocks. (rElec)
You can survive without breathing.
You are immune to petrification.
You are immune to rotting.
You have a pair of small horns on your head.
You are partially covered in molten scales. (AC +2)
You have an increased reservoir of magic. (+10% MP)
You evolve.


Message History

Unknown command.
You hit the three-headed hydra. You burn the three-headed hydra.
The three-headed hydra is moderately wounded.
The three-headed hydra bites you.
* * * LOW HITPOINT WARNING * * *
The three-headed hydra bites you!
* * * LOW HITPOINT WARNING * * *
The three-headed hydra barely misses you.
You lop one of the three-headed hydra's heads off!
The flame cauterises the wound!
You hit the two-headed hydra. You burn the two-headed hydra.
You headbutt the two-headed hydra.
The two-headed hydra is heavily wounded.
The two-headed hydra bites you but does no damage. x2
Unknown command.
You slice one of the two-headed hydra's heads off!
The flame cauterises the wound!
You hit the one-headed hydra. You burn the one-headed hydra.
The one-headed hydra is heavily wounded.
The one-headed hydra bites you!
You die...

#.# #.#........# ##
#.# #.#....##### #.#
#)#....# #.# #.#....#
#.# #)#....####
#.######)#.......#
#....(.(.#.......#
#..).....#.......#
#...D@...'.......#
#...##.###########
#...###.#..## ## ###
#...# #).#..# .#...
.....##.#..#####..##
#...####...#.)#.)...#
#... ###..##.##.##..#
#... #.##)).#..#
#..#))#)#.#..


You could see an one-headed hydra.

Vanquished Creatures
  A hydra (D:9)
  An unseen horror (D:10)
  A hill giant (D:10)
  A cyclops (D:10)
  Joseph (D:7)
  3 trolls
  2 dream sheep (D:9)
  A hippogriff (D:10)
  Sigmund (D:3)
  A vampire (D:10)
  3 yaks
  3 hungry ghosts
  A warg (D:11)
  2 water moccasins
  4 orc warriors
  3 black bears
  5 ogres
  3 ice beasts
  A sky beast (D:10)
  A phantom (D:5)
  15 centaurs
  6 big kobolds
  2 bullfrogs
  2 scorpions
  2 wyvern skeletons
  A water moccasin skeleton (D:4)
  6 killer bees (D:9)
  2 howler monkeys (D:9)
  6 crimson imps
  3 hounds
  2 jellies
  2 gnoll shamans (D:7)
  3 orc priests
  Jessica (D:2)
  Ijyb (D:2)
  Natasha (D:2)
  2 iguanas (D:10)
  3 orc wizards
  9 worker ants
  2 hound zombies
  2 hound skeletons
  A worker ant zombie (D:8)
  A howler monkey zombie (D:11)
  12 adders
  27 gnolls
  3 shadow imps
  An ooze (D:1)
  2 worms
  2 dart slugs (D:1)
  2 leopard geckos
  34 orcs
  5 giant cockroaches
  5 goblins
  4 hobgoblins
  8 jackals
  17 kobolds
  3 quokkas
  3 ball pythons
  5 bats
  5 frilled lizards
  6 rats
  A spectral orc (D:9)
259 creatures vanquished.

Vanquished Creatures (others)
  An unseen horror (D:10)
1 creature vanquished.

Grand Total: 260 creatures vanquished

Notes
Turn   | Place    | Note
-------+----------+-------------------------------------------
     0 | D:1      | protoss039 the Gargoyle Gladiator began the quest for the Orb.
     0 | D:1      | Reached XP level 1. HP: 12/12 MP: 1/1
   280 | D:1      | Reached XP level 2. HP: 18/18 MP: 2/2
   619 | D:1      | Reached XP level 3. HP: 17/22 MP: 3/3
   916 | D:2      | Reached skill level 4 in Maces & Flails
  1007 | D:2      | Reached skill level 1 in Armour
  1096 | D:2      | Noticed Ijyb
  1178 | D:2      | Killed Ijyb
  1178 | D:2      | Reached XP level 4. HP: 18/27 MP: 4/4
  1224 | D:2      | Noticed Jessica
  1227 | D:2      | Killed Jessica
  1287 | D:2      | Noticed Natasha
  1296 | D:2      | Killed Natasha
  1296 | D:2      | Reached XP level 5. HP: 32/32 MP: 5/5
  1469 | D:3      | Noticed Sigmund
  1536 | D:3      | Killed Sigmund
  1536 | D:3      | Reached skill level 5 in Maces & Flails
  1536 | D:3      | Reached XP level 6. HP: 31/37 MP: 6/6
  2377 | D:4      | Reached skill level 6 in Maces & Flails
  2470 | D:4      | Reached XP level 7. HP: 2/42 MP: 7/7
  3023 | D:4      | Found a sacrificial altar of Ru.
  3111 | D:4      | Found a staircase to the Ecumenical Temple.
  3121 | Temple   | Entered the Ecumenical Temple
  3480 | Temple   | Became a worshipper of Warmaster Okawaru
  3542 | D:4      | Found an opulent altar of Gozag.
  3724 | D:4      | Found an ancient bone altar of Kikubaaqudgha.
  3807 | D:4      | Got a faintly glowing ring mail
  3818 | D:5      | Entered Level 5 of the Dungeon
  3861 | D:5      | Found an opulent altar of Gozag.
  3949 | D:5      | Found Ganaj's Magic Scroll Shop.
  3952 | D:5      | Bought a scroll of identify for 22 gold pieces
  3952 | D:5      | Bought 2 scrolls of fear for 77 gold pieces
  3952 | D:5      | Bought a scroll of remove curse for 33 gold pieces
  3952 | D:5      | Bought a scroll of identify for 22 gold pieces
  3964 | D:5      | Identified the cursed +0 ring mail of Watchfulness {MR++ Dex+3 Stlth+} (You found it on level 4 of the Dungeon)
  4016 | D:5      | Reached skill level 7 in Maces & Flails
  4016 | D:5      | Reached skill level 5 in Armour
  4016 | D:5      | Reached skill level 1 in Invocations
  4016 | D:5      | Reached XP level 8. HP: 14/48 MP: 8/8
  4033 | D:5      | Gained mutation: You have an increased reservoir of magic. (+10% MP) [potion of beneficial mutation]
  4459 | D:5      | Reached * piety under Okawaru
  5118 | D:6      | You fall through a shaft for 3 floors!
  5137 | D:8      | Found a stormy altar of Qazlal.
  5365 | D:8      | Reached skill level 5 in Fighting
  5596 | D:8      | Found a deep blue altar of Sif Muna.
  5596 | D:8      | Found a sparkling altar of Nemelex Xobeh.
  5680 | D:8      | Reached skill level 8 in Maces & Flails
  5830 | D:8      | Found an ancient bone altar of Kikubaaqudgha.
  5833 | D:8      | Found a bloodstained altar of Trog.
  6149 | D:7      | Reached ** piety under Okawaru
  6299 | D:7      | Noticed Joseph
  6323 | D:7      | Killed Joseph
  6323 | D:7      | Reached XP level 9. HP: 54/55 MP: 13/13
  6368 | D:7      | Found Xeruuze's Antique Armour Shoppe.
  6376 | D:7      | Noticed a troll
  6401 | D:7      | HP: 2/55 [troll (2)]
  6403 | D:7      | Killed a troll
  6403 | D:7      | Reached skill level 9 in Maces & Flails
  7141 | D:7      | Reached *** piety under Okawaru
  8155 | D:8      | Reached skill level 5 in Invocations
  8201 | D:8      | Found a stormy altar of Qazlal.
  8544 | D:9      | Reached **** piety under Okawaru
  8544 | D:9      | Reached XP level 10. HP: 51/61 MP: 15/15
  8690 | D:9      | Reached skill level 10 in Maces & Flails
  8721 | D:9      | Found Estroulu's Armour Shop.
  8940 | D:9      | Found a basalt altar of Yredelemnul.
  9381 | D:9      | Found a shadowy altar of Dithmenos.
  9579 | D:9      | Reached ***** piety under Okawaru
  9589 | D:9      | Received a gift from Okawaru
  9614 | D:9      | Noticed a three-headed hydra
  9630 | D:9      | Killed a three-headed hydra
  9933 | D:9      | Reached skill level 11 in Maces & Flails
 10031 | D:10     | Entered Level 10 of the Dungeon
 10415 | D:10     | Reached XP level 11. HP: 44/68 MP: 17/17
 10416 | D:10     | Noticed a cyclops
 10444 | D:10     | Gained mutation: You have a pair of small horns on your head. [mutagenic meat]
 10445 | D:10     | Gained mutation: You are partially covered in molten scales. (AC +2) [mutagenic meat]
 10447 | D:10     | Gained mutation: You evolve. [mutagenic meat]
 10454 | D:10     | Killed a cyclops
 10977 | D:10     | Received a gift from Okawaru
 11022 | D:10     | Killed an unseen horror
 11401 | D:10     | Killed an unseen horror
 11943 | D:10     | Noticed a hill giant
 11956 | D:10     | Killed a hill giant
 11956 | D:10     | Reached skill level 12 in Maces & Flails
 12294 | D:11     | Learned a level 1 spell: Sandblast
 12300 | D:11     | Learned a level 5 spell: Lee's Rapid Deconstruction
 12383 | D:11     | Received a gift from Okawaru
 12430 | D:11     | Found a staircase to the Orcish Mines.
 12442 | D:11     | Noticed a seven-headed hydra
 12453 | D:11     | Slain by a one-headed hydra

Skill      XL: |  1  2  3  4  5  6  7  8  9 10 11 |
---------------+----------------------------------+-----
Maces & Flails | 4 5 6 7 8 9 11 12 | 12.3
Armour         | 1 2 3 5 6 7 8 |  8.9
Fighting       | 3 4 5 6 8 |  8.7
Invocations    | 1 3 5 7 8 |  8.0
Throwing       | |  1.7
Dodging        | |  2.4
Earth Magic    | |  0.2

Action                   |  1- 3 |  4- 6 |  7- 9 | 10-12 || total
-------------------------+-------+-------+-------+-------++-------
Melee: Flail             |   169 |   138 |   466 |   379 ||  1152
       Punch             |       |       |       |     1 ||     1
       Dire flail        |       |       |       |   166 ||   166
       Headbutt          |       |       |       |    49 ||    49
       Falchion          |       |       |       |     8 ||     8
Throw: Throwing net      |       |       |     3 |     2 ||     5
       Stone             |       |       |     3 |       ||     3
Invok: Heroism           |       |       |       |     2 ||     2
       Finesse           |       |       |       |     1 ||     1
  Use: Scroll            |       |     9 |    12 |     2 ||    23
       Potion            |       |     2 |     6 |     1 ||     9
  Eat: Chunk             |     1 |     5 |    13 |    18 ||    37
       Meat ration       |       |       |     2 |       ||     2
       Fruit             |       |       |       |     3 ||     3
Armor: Leather armour    |    39 |       |       |       ||    39
       Chain mail        |    91 |   131 |   110 |   457 ||   789
       Ring mail         |       |       |   174 |       ||   174
       Skin              |       |       |       |    88 ||    88
       Troll leather arm |       |       |       |    28 ||    28
Dodge: Dodged            |   129 |    72 |   303 |   269 ||   773
